 Dungeon Crawl Stone Soup version 0.32-a0-931-g5a2cda0630 (webtiles) character file.

Game seed: 12417321676027841316

295 Nietzsche the Ruffian (level 6, 0/43 HPs)
             Began as a Demonspawn Shapeshifter on Apr 14, 2024.
             Was an Initiate of Kikubaaqudgha.
             Slain by an orc priest
             ... wielding a +0 dagger
              (2 damage)
             ... on level 3 of the Dungeon.
             The game lasted 00:06:33 (2683 turns).

Nietzsche the Ruffian (Demonspawn Shapeshifter)     Turns: 2683, Time: 00:06:34

Health: 0/43       AC:  2    Str: 14    XL:     6   Next: 11%
Magic:  9/9        EV: 11    Int: 12    God:    Kikubaaqudgha [......]
Gold:   113        SH:  4    Dex: 13    Spells: 9/9 levels left

rFire   . .          .
                       - Unarmed
rCold   . . .        (no shield)
rNeg    . . .        a - +0 animal skin
rPois   .            (helmet restricted)
rElec   .            (no cloak)
rCorr   .            (no gloves)
SInv    .            (no boots)
Will    .....        (no amulet)
Stlth   +            (no ring)
HPRegen 0.27/turn    (no ring)
MPRegen 0.11/turn

%: no passive effects
@: no status effects
A: antennae 1, powered by death 1, condensation shield
a: Renounce Religion


You were on level 3 of the Dungeon.
You worshipped Kikubaaqudgha.
Kikubaaqudgha was noncommittal.
You visited 1 branch of the dungeon, and saw 3 of its levels.

You collected 113 gold pieces.

Inventory:

Armour
 a - a +0 animal skin (worn)
Talismans
 c - a beast talisman
 d - a flux talisman
Scrolls
 g - 2 scrolls of teleportation {unknown}
 i - 2 scrolls of identify {unknown}
 j - 2 scrolls of amnesia {unknown}
 k - 2 scrolls of enchant weapon {unknown}
 l - a scroll of brand weapon {unknown}
Potions
 b - a potion of lignification


   Skills:
 + Level 1.5 Fighting
 + Level 2.6 Dodging
 + Level 0.1 Stealth
 + Level 0.5 Shields
 + Level 4.7 Unarmed Combat
 * Level 2.0 Spellcasting
 + Level 3.3 Shapeshifting


You had 9 spell levels left.
You didn't know any spells.
Your spell library was empty.

Dungeon Overview and Level Annotations

Branches:
Dungeon (3/15)

Altars:
Kikubaaqudgha


Innate Abilities, Weirdness & Mutations

You have a pair of small antennae on your head.
You regenerate a little health from kills.
A meltable shield of frost defends you. (SH +4)


Message History

You hit the orc priest.
The orc priest is almost dead.
The orc priest invokes the aid of Beogh against you.
Beogh smites you!
* * * LOW HITPOINT WARNING * * *
You hit the orc priest but do no damage.
The orc priest is almost dead.
The orc priest hits you with a +0 dagger.
* * * LOW HITPOINT WARNING * * *
You hit the orc priest but do no damage.
The orc priest is almost dead.
The orc priest closely misses you.
You hit the orc priest but do no damage.
The orc priest is almost dead.
The orc priest miscasts a cantrip.
You closely miss the orc priest.
The orc priest is almost dead.
The orc priest barely misses you.
You hit the orc priest but do no damage.
The orc priest is almost dead.
You block the orc priest's attack.
You barely miss the orc priest.
The orc priest is almost dead.
The orc priest miscasts a cantrip.
You hit the orc priest but do no damage.
The orc priest is almost dead.
The orc priest calls down the wrath of Beogh upon you.
Beogh smites you!
* * * LOW HITPOINT WARNING * * *
You closely miss the orc priest.
The orc priest is almost dead.
You hit the orc priest but do no damage.
The orc priest is almost dead.
The orc priest hits you with a +0 dagger.
* * * LOW HITPOINT WARNING * * *
You hit the orc priest but do no damage.
The orc priest is almost dead.
The orc priest hits you with a +0 dagger.
You die...
Kikubaaqudgha rasps: You have failed me!
Welcome... death!

########### ##.........#
...........# #..........#
......)....#####
#.........o@..# #####
#.........###?..... #....
#.........# ###########.._.
#.........## #.........#....
#########..###.#########⌠#.#
##.#...###### ###.#
######..........## #..#
.........#######..# ##.##
####.......# ##.###..#


You could see an orc priest.

Vanquished Creatures
  Sigmund (D:2)
  An orc priest (D:3)
  Terence (D:2)
  An adder (D:3)
  A ribbon worm (D:2)
  2 dart slugs (D:2)
  5 orcs
  8 bats
  6 endoplasms
  2 giant cockroaches (D:1)
  3 goblins
  3 hobgoblins (D:1)
  A kobold (D:3)
  2 quokkas
  6 ball pythons
  A frilled lizard (D:3)
  3 rats
47 creatures vanquished.

Notes
Turn   | Place    | Note
-------+----------+-------------------------------------------
     0 | D:1      | Nietzsche the Demonspawn Shapeshifter began the quest for
                  | the Orb.
     0 | D:1      | Reached XP level 1. HP: 15/15 MP: 1/1
    66 | D:1      | Found a faded altar of an unknown god.
   162 | D:1      | Reached skill level 3 in Unarmed Combat
   186 | D:1      | Gained mutation: A meltable shield of frost defends you.
                  | (SH +4) [demonic ancestry]
   186 | D:1      | Reached XP level 2. HP: 19/21 MP: 2/2
  1170 | D:2      | Gained mutation: You have a pair of small antennae on your
                  | head. [demonic ancestry]
  1170 | D:2      | Reached XP level 3. HP: 23/26 MP: 3/3
  1404 | D:2      | Noticed Sigmund
  1433 | D:2      | Killed Sigmund
  1434 | D:2      | Reached skill level 4 in Unarmed Combat
  1434 | D:2      | Reached skill level 1 in Spellcasting
  1434 | D:2      | Reached XP level 4. HP: 4/32 MP: 3/6
  1434 | D:2      | Reached XP level 5. HP: 5/37 MP: 3/7
  1870 | D:2      | Noticed Terence
  1882 | D:2      | Killed Terence
  2535 | D:3      | Gained mutation: You regenerate a little health from kills.
                  | [demonic ancestry]
  2535 | D:3      | Reached XP level 6. HP: 41/43 MP: 9/9
  2603 | D:3      | Found an ancient bone altar of Kikubaaqudgha.
  2613 | D:3      | Became a worshipper of Kikubaaqudgha
  2680 | D:3      | HP: 2/43 [orc priest/divine providence (9)]
  2683 | D:3      | Slain by an orc priest

Illustrated notes

Levels and vault maps discovered:
D:1:      amcnicky_arrival_wind_blow, layout_basic, ebering_ecumenical_altar_box
D:2:      layout_basic, hangedman_decor_push, uniq_sigmund, uniq_terence
D:3:      layout_rooms, mainiacjoe_overflow_alcove_2, lemuel_round_altar,
          minmay_increasing_density

Skill      XL: |  1  2  3  4  5 |
---------------+----------------+-----
Unarmed Combat | 3 4 |  4.7
Dodging        | 2 |  2.6
Spellcasting   | 1 2 |  2.0
Shapeshifting  | 3 |  3.3
Fighting       | |  1.5
Stealth        | |  0.1
Shields        | |  0.5

Action                     |  1- 3 |  4- 6 || total
---------------------------+-------+-------++-------
  Melee: Unarmed           |    84 |   106 ||   190
         Punch             |     3 |       ||     3
    Use: Potion            |     4 |       ||     4
 Armour: Animal skin       |    34 |    65 ||    99
         Skin              |     5 |       ||     5
  Dodge: Dodged            |    31 |    62 ||    93
  Block: Other             |     5 |    21 ||    26
         Form:             |     1 |     1 ||     2
         Beast             |       |     1 ||     1

Table legend: (Time is in decaauts)
 A = Elapsed time spent in this place.
 B = Non-inter-level travel time spent in this place.
 C = Inter-level travel time spent in this place.
 D = Time resting spent in this place.
 E = Time spent auto-exploring this place.
 F = Levels seen in this place.
 G = Mean time per level.
                   A        B        C        D        E       F      G
               +--------+--------+--------+--------+--------+-----+--------+
         Total |   2669 |   2669 |      0 |      0 |   2154 |   3 |  889.7 |
       Dungeon |   2669 |   2669 |      0 |      0 |   2154 |   3 |  889.7 |
               +--------+--------+--------+--------+--------+-----+--------+

Top non-repeatable levels by time:
     D:2: 1309 daAuts
     D:1: 1024 daAuts
     D:3: 335 daAuts
